 Dungeon Crawl Stone Soup version 0.26-a0-668-gd58323b419 (webtiles) character file.

Game seed: 18318390202341025568

469 miscthings the Slicer (level 7, -6/61 HPs)
             Began as a Kobold Berserker on Oct 18, 2020.
             Was a Priest of Trog.
             Mangled by an iguana (7 damage)
             ... on level 4 of the Dungeon.
             The game lasted 00:04:35 (3199 turns).

miscthings the Slicer (Kobold Berserker)            Turns: 3199, Time: 00:04:36

Health: -6/61      AC:  6    Str: 14    XL:     7   Next: 30%
Magic:  7/7        EV: 15    Int: 10    God:    Trog [***...]
Gold:   170        SH:  0    Dex: 15    Spells: 6/6 levels left

rFire    + . .     SeeInvis .   h - +0 dagger
rCold    . . .     Faith    .   (shield restricted)
rNeg     . . .     Spirit   .   b - +0 animal skin
rPois    .         Reflect  .   (no helmet)
rElec    .         Harm     .   e - scarf {+Inv}
rCorr    .         Rampage  .   (no gloves)
MR       .....                  (no boots)
Stlth    ..........             (no amulet)
HPRegen  0.20/turn              g - +4 ring of protection
MPRegen  0.10/turn              o - ring of protection from fire

@: berserking, very quick
A: small, nightstalker 3
a: Berserk, Trog's Hand, Renounce Religion, Evoke Invisibility


You were on level 4 of the Dungeon.
You worshipped Trog.
Trog was most pleased with you.
You visited 1 branch of the dungeon, and saw 4 of its levels.

You collected 170 gold pieces.

Inventory:

Hand Weapons
 a - a +0 short sword
 h - a +0 dagger (weapon)
Armour
 b - a +0 animal skin (worn)
 e - a scarf of invisibility (worn)
Jewellery
 g - a +4 ring of protection (left hand)
 o - a ring of protection from fire (right hand)
 t - an uncursed ring of protection from fire
Wands
 m - a wand of polymorph (6)
Scrolls
 f - a scroll of enchant armour {unknown}
 i - a scroll of enchant weapon {unknown}
 j - 4 scrolls of remove curse {unknown}
 n - 2 scrolls of noise {unknown}
 p - 5 scrolls of identify {unknown}
 q - 2 scrolls of amnesia {unknown}
 s - 2 scrolls of magic mapping {unknown}
 v - a scroll of blinking {unknown}
 w - a scroll of random uselessness {unknown}
Potions
 c - a potion of brilliance {unknown}
 d - 4 potions of heal wounds {unknown}
 k - 4 potions of curing {unknown}
 l - a potion of haste {unknown}
 r - a potion of resistance {unknown}
 u - a potion of mutation {unknown}


   Skills:
 - Level 3.2 Fighting
 + Level 8.2 Short Blades
 - Level 1.5 Armour
 - Level 2.4 Dodging
 + Level 5.4 Evocations


You had 6 spell levels left.
You didn't know any spells.
Your spell library was empty.

Dungeon Overview and Level Annotations

Branches:
Dungeon (4/15)             Temple (0/1) D:4

Altars:
Ashenzari
Elyvilon
Gozag
Hepliaklqana
Okawaru
Xom

Annotations:
D:4 Natasha


Innate Abilities, Weirdness & Mutations

You are small and have problems with some larger weapons.
You are completely attuned to the shadows.


Message History

Trog appreciates your killing of a magic user.
Your Short Blades skill increases to level 8!
Natasha casts a spell at you. The magic dart hits you.
* * * LOW HITPOINT WARNING * * *
The orc hits you but does no damage.
You puncture Natasha!
Natasha is heavily wounded.
The iguana barely misses you.
You barely miss Natasha.
Natasha is heavily wounded.
You barely miss Natasha.
Natasha is heavily wounded.
The orc hits you.
* * * LOW HITPOINT WARNING * * *
Natasha casts a spell at you. The magic dart hits you.
* * * LOW HITPOINT WARNING * * *
The iguana bites you!
You die...

....).)....
....))).... .##
##.###†#####
##..######.###.##..#
#........#.........#
#........#.........#
#.......'.........#
##h.##..##..##.....#
.#.)@##..##..##....##
....ol##..##..##....##
8.8.8.######..........
.⌠.⌠..# ...........
8.>.8.# ####### ⌠.⌠..#
..## .... ....##
#....##


You could see an iguana, Natasha and an orc.

Vanquished Creatures
  An ogre (D:4)
  Blork the orc (D:4)
  A hound (D:3)
  Natasha (twice) (D:4)
  A worker ant (D:3)
  Terence (D:3)
  2 orc wizards (D:4)
  A howler monkey skeleton (D:4)
  5 adders
  A shadow imp (D:3)
  An adder zombie (D:3)
  2 worms (D:3)
  4 dart slugs
  2 leopard geckos
  3 orcs (D:4)
  4 bats
  7 giant cockroaches
  10 goblins
  6 hobgoblins
  9 kobolds
  2 quokkas
  4 frilled lizards
  9 rats
79 creatures vanquished.

Notes
Turn   | Place    | Note
-------+----------+-------------------------------------------
     0 | D:1      | miscthings the Kobold Berserker began the quest for the
                  | Orb.
     0 | D:1      | Reached XP level 1. HP: 14/14 MP: 1/1
    96 | D:1      | Reached XP level 2. HP: 19/19 MP: 2/2
   194 | D:1      | Reached skill level 5 in Short Blades
   354 | D:1      | Reached XP level 3. HP: 22/23 MP: 3/3
   369 | D:1      | Reached ** piety under Trog
   912 | D:2      | Reached skill level 1 in Evocations
   913 | D:2      | Found a broken altar of Ashenzari.
  1114 | D:2      | Found a hazy altar of Hepliaklqana.
  1139 | D:2      | Reached XP level 4. HP: 25/28 MP: 4/4
  1373 | D:2      | Reached skill level 6 in Short Blades
  1683 | D:2      | Reached *** piety under Trog
  1973 | D:2      | Reached XP level 5. HP: 32/32 MP: 5/5
  2120 | D:3      | Noticed Terence
  2127 | D:3      | Killed Terence
  2161 | D:3      | Found an opulent altar of Gozag.
  2754 | D:3      | Reached skill level 7 in Short Blades
  2754 | D:3      | Reached XP level 6. HP: 37/37 MP: 6/6
  2797 | D:3      | Found a shimmering altar of Xom.
  2797 | D:3      | Found a white marble altar of Elyvilon.
  2797 | D:3      | Found an iron altar of Okawaru.
  3029 | D:4      | Noticed Natasha
  3031 | D:4      | Killed Natasha
  3047 | D:4      | Noticed Natasha
  3048 | D:4      | Noticed an ogre
  3053 | D:4      | Killed Natasha
  3059 | D:4      | Killed an ogre
  3125 | D:4      | Reached XP level 7. HP: 40/41 MP: 7/7
  3129 | D:4      | Reached skill level 5 in Evocations
  3186 | D:4      | Found a staircase to the Ecumenical Temple.
  3187 | D:4      | Noticed Blork the orc
  3189 | D:4      | Noticed Natasha
  3196 | D:4      | Killed Blork the orc
  3196 | D:4      | Reached skill level 8 in Short Blades
  3199 | D:4      | HP: 1/61 [Natasha/magic dart (5)]
  3199 | D:4      | Mangled by an iguana

Illustrated notes

Levels and vault maps discovered:
D:1:      tarquinn_simple_flora_water_d, layout_basic, grunt_decor_mini_mirrors
D:2:      minmay_razor_zed, layout_basic, ashenzari_conservatory_becter,
          lemuel_doored_altar, minmay_goblin_kobold_house
D:3:      layout_rooms, gammafunk_temple_overflow_claw,
          nicolae_gozag_seed_capital, uniq_terence
D:4:      layout_gridville, minmay_temple_entry_statues_fountains, serial_shops,
          nicolae_shop_temple_entry_statues_fountains, uniq_natasha,
          uniq_blork_the_orc

Skill      XL: |  1  2  3  4  5  6  7 |
---------------+----------------------+-----
Short Blades   | 5 6 7 8 |  8.2
Evocations     | 1 2 3 4 5 |  5.4
Fighting       | |  3.2
Armour         | |  1.5
Dodging        | |  2.4

Action                   |  1- 3 |  4- 6 |  7- 9 || total
-------------------------+-------+-------+-------++-------
Melee: Short sword       |    51 |       |       ||    51
       Dagger            |    37 |   155 |    18 ||   210
Invok: Berserk           |     1 |     9 |     1 ||    11
 Abil: Evoke Invisibilit |       |     1 |       ||     1
 Stab: Sleeping          |     9 |    12 |       ||    21
Armor: Animal skin       |    15 |    14 |     3 ||    32
Dodge: Dodged            |    29 |   109 |    12 ||   150

Table legend: (Time is in decaauts)
 A = Elapsed time spent in this place.
 B = Non-inter-level travel time spent in this place.
 C = Inter-level travel time spent in this place.
 D = Time resting spent in this place.
 E = Time spent auto-exploring this place.
 F = Levels seen in this place.
 G = Mean time per level.
                   A        B        C        D        E       F      G
               +--------+--------+--------+--------+--------+-----+--------+
         Total |   3220 |   3123 |     97 |    517 |   2072 |   4 |  805.0 |
       Dungeon |   3220 |   3123 |     97 |    517 |   2072 |   4 |  805.0 |
               +--------+--------+--------+--------+--------+-----+--------+

Top non-repeatable levels by time:
     D:2: 1123 daAuts
     D:3: 957 daAuts
     D:1: 903 daAuts
     D:4: 236 daAuts
